 Dungeon Crawl Stone Soup version 0.20.1-1-g8b1a95d66d (webtiles) character file.

261 NullDivider the Sneak (level 6, -5/39 HPs)
             Began as an Octopode Earth Elementalist on Nov 14, 2017.
             Slain by an orc priest
             ... wielding a +0 flail
              (10 damage)
             ... on level 3 of the Dungeon.
             The game lasted 00:19:29 (4485 turns).

NullDivider the Sneak (Octopode Earth Elementalist) Turns: 4485, Time: 00:19:30

Health: -5/39      AC:  1    Str:  7    XL:     6   Next: 18%
Magic:  3/10       EV: 14    Int: 20    God:
Gold:   147        SH:  0    Dex: 12    Spells: 10/11 levels left

rFire    . . .     SeeInvis .   l - +1 short sword (venom)
rCold    + . .     Gourm    .   (no shield)
rNeg     . . .     Faith    .   (helmet restricted)
rPois    .         Spirit   .   (no amulet)
rElec    .         Reflect  .   i - ring of protection from cold
rCorr    +         Harm     .   w - ring of resist corrosion
MR       .....                  (no ring)
Stlth    +++.......             (no ring)
Regen    0.2/turn               (no ring)
MPRegen  0.2/turn               (no ring)
                                (no ring)
                                (no ring)

@: no status effects
A: almost no armour, stealthy swim, amphibious, 8 rings, constrict 8, camouflage
1, gelatinous body 1
a: no special abilities


You were on level 3 of the Dungeon.
You were very hungry.

You visited 1 branch of the dungeon, and saw 4 of its levels.

You collected 147 gold pieces.

Inventory:

Hand Weapons
 l - a +1 short sword of venom (weapon)
 s - a +1 dagger of electrocution
Missiles
 b - 99 stones (quivered)
Jewellery
 i - a ring of protection from cold (left tentacle)
 w - a ring of resist corrosion (right tentacle)
Wands
 q - a wand of random effects (16/48)
Scrolls
 a - 4 scrolls of identify {unknown}
 g - 5 scrolls of remove curse {unknown}
 j - a scroll of blinking {unknown}
 k - a scroll of enchant weapon {unknown}
 t - a scroll of magic mapping {unknown}
 v - a scroll of fear {unknown}
 x - a scroll of amnesia {unknown}
Potions
 e - 2 potions of invisibility {unknown}
 f - a potion of curing {unknown}
 m - 2 potions of might {unknown}
 n - a potion of degeneration {unknown}
 p - a potion of heal wounds {unknown}
 r - a potion of resistance {unknown}
 u - a potion of flight {unknown}
Books
 d - a book of Geomancy

   Spells                             Type                      Level
   a - Sandblast                      Earth                        1
   b - Passwall                       Transmutation/Earth          2
   c - Stone Arrow                    Conjuration/Earth            3
   d - Petrify                        Transmutation/Earth          4
   e - Lee's Rapid Deconstruction     Earth                        5
Comestibles
 c - a bread ration
 h - 3 royal jellies
 o - 2 meat rations


   Skills:
 + Level 1.7 Fighting
 + Level 1.8 Short Blades
 + Level 3.0 Dodging
 + Level 4.2 Stealth
 - Level 0.6 Unarmed Combat
 * Level 3.2 Spellcasting
   Level 1.0 Transmutations
 * Level 4.0 Earth Magic


You had 10 spell levels left.
You knew the following spells:

 Your Spells              Type           Power        Failure   Level  Hunger
a - Sandblast             Erth           ###...       2%          1    None


Dungeon Overview and Level Annotations

Branches:
Dungeon (4/15)
 Temple: D:4-7

Altars:


Innate Abilities, Weirdness & Mutations

You cannot wear most types of armour.
You are very stealthy in the water. (Stealth+)
You are amphibious.
You can wear up to eight rings at the same time.
You can use your tentacles to constrict eight enemies at once.
Your skin changes colour to match your surroundings (Stealth+).
Your rubbery body absorbs attacks. (AC +1, EV +1)


Message History

The orc priest misses you.
An orc comes into view.
Casting: Sandblast
Confirm with . or Enter, or press ? or * to list all spells.
Aiming: Sandblast
Press: ? - help, Shift-Dir - straight line, f - orc
Aim: an orc The blast of sand hits the orc priest.
The orc priest is severely wounded.
b - 100 stones
Casting: Sandblast
Confirm with . or Enter, or press ? or * to list all spells.
Aiming: Sandblast
Press: ? - help, Shift-Dir - straight line, f/p - orc
Aim: an orc The blast of sand hits the orc priest.
The orc priest is severely wounded.
b - 99 stones The orc priest hits you with a flail!
You die...

#.# #.# ############
#.###'########..........#
#.#..........#..........#
#.#..........#..........#
#.#........(.#......S...#
#.#..........#..........#
..+.............>.......#
#.#..........###+########
#.#..........# #@#
#.#..........###o################
#.'..........+.)o................
#.#..........###.################
#.#..........# #.# #.###'########
#.# ....#.##########.# ######
#.#.#............# #.....
#.#.########################.####


You could see an orc priest and an orc.

Vanquished Creatures
  The ghost of Phantomfrettchen the Insei, a weakling OpTm (D:3)
  2 orc priests
  A gnoll (D:3)
  6 adders
  An ooze (D:1)
  3 dart slugs (D:2)
  5 leopard geckos
  7 orcs
  2 giant cockroaches
  4 goblins (D:2)
  7 hobgoblins
  7 jackals
  A quokka (D:3)
  3 ball pythons (D:1)
  8 bats
  5 frilled lizards
  11 kobolds
  9 rats
83 creatures vanquished.

Notes
Turn   | Place    | Note
-------+----------+-------------------------------------------
     0 | D:1      | NullDivider the Octopode Earth Elementalist began the quest for the Orb.
     0 | D:1      | Reached XP level 1. HP: 11/11 MP: 3/3
   289 | D:1      | Reached XP level 2. HP: 5/18 MP: 0/5
  1158 | D:1      | Reached XP level 3. HP: 17/22 MP: 6/6
  2055 | D:2      | Reached XP level 4. HP: 27/27 MP: 7/7
  2184 | D:2      | Reached skill level 1 in Short Blades
  2188 | D:2      | Reached skill level 1 in Fighting
  2772 | D:2      | Found a faded altar of an unknown god.
  3046 | D:3      | Reached XP level 5. HP: 31/33 MP: 1/9
  3353 | D:3      | Noticed Phantomfrettchen's ghost (weakling OpTm)
  3357 | D:3      | Killed Phantomfrettchen's ghost
  3906 | D:3      | Reached XP level 6. HP: 30/38 MP: 10/10
  4263 | D:4      | Noticed an orc warrior
  4337 | D:3      | HP: 1/39 [orc/hand axe (7)]
  4485 | D:3      | Slain by an orc priest

Skill      XL: |  1  2  3  4  5  6 |
---------------+-------------------+-----
Stealth        | 3 4 |  4.2
Short Blades   | 1 |  1.8
Fighting       | 1 |  1.7
Spellcasting   | 3 |  3.2
Earth Magic    | 4 |  4.0
Dodging        | 3 |  3.0
Unarmed Combat | |  0.6
Transmutations | |  1.0

Action                   |  1- 3 |  4- 6 || total
-------------------------+-------+-------++-------
Melee: Unarmed           |    17 |       ||    17
       Constrict         |    14 |    23 ||    37
       Tentacles         |     6 |     9 ||    15
       Short sword       |    35 |    85 ||   120
       Whip              |     4 |       ||     4
 Cast: Sandblast         |     7 |    26 ||    33
 Stab: Sleeping          |    12 |    12 ||    24
  Eat: Chunk             |     3 |     7 ||    10
Armor: Skin              |     2 |    10 ||    12
Dodge: Dodged            |    29 |    60 ||    89
